Map: Cactus Valley LE (Void)

Players

Chrono

  • Race: Terran Terran
  • League: Grandmaster

SticklerMac

  • Race: Protoss Protoss
  • League: Grandmaster

A.I. 2 (Elite) - Winner!

  • Race: Zerg Zerg

A.I. 3 (Elite) - Winner!

  • Race: Zerg Zerg

VOD

Have the link to the VOD?

Description

Time

  • Played on: June 14, 2015, 1:08 a.m.
  • Length: 15:30
Show
View Real Time Build Order
Export as new Build Order

Chrono Terran 

Build Orders: Reaper Expand 

Get SALT Encoding   

  12  1:38  SCV  
  13  1:50  Command Center, SCV  
  13  1:51  Supply Depot  
  13  1:52  Refinery  
  13  1:53  Refinery  
  14  2:02  SCV  
  15  2:14  SCV  
  16  2:17  Barracks  
  16  2:21  Barracks  
  16  2:26  SCV  
  17  2:30  Barracks  
  17  2:38  SCV, Engineering Bay  
  18  3:04  Orbital Command x2  
  18  3:09  Barracks Reactor  
  18  3:10  Barracks Tech Lab  
  18  3:18  Barracks Tech Lab  
  18  3:31  Reaper  
  18  3:34  SCV  
  20  3:49  Marine, Marauder  
  20  3:50  Marine  
  14  4:03  Marauder  
Show
View Real Time Build Order
Export as new Build Order

SticklerMac Protoss 

Build Orders: 1 Gate Expand, Oracle Opening 

Get SALT Encoding   

  12  0:01  Probe  
  13  0:13  Probe  
  14  0:18  Assimilator  
  14  0:24  Pylon  
  14  0:43  Probe (Chrono Boost)  
  14  0:49  Gateway  
  15  0:55  Probe (Chrono Boost)  
  16  1:03  Probe (Chrono Boost)  
  18  1:12  Probe (Chrono Boost)  
  18  1:20  Probe (Chrono Boost)  
  19  1:34  Nexus  
  19  1:38  Probe (Chrono Boost)  
  20  1:49  Zealot  
  22  1:55  Pylon  
  22  2:02  Cybernetics Core  
  22  2:27  Assimilator  
  22  2:28  Probe (Chrono Boost)  
  23  2:35  Pylon  
  24  2:38  Probe (Chrono Boost)  
  24  2:43  Stargate  
  24  2:45  Probe  
  24  2:48  Probe  
  26  2:57  Probe (Chrono Boost)  
  28  3:05  Probe (Chrono Boost)  
  28  3:09  Probe (Chrono Boost)  
  29  3:15  Probe (Chrono Boost), Robotics Facility  
  29  3:16  Probe (Chrono Boost)  
  31  3:25  Probe (Chrono Boost), Assimilator  
  31  3:26  Probe (Chrono Boost)  
  35  3:39  Probe  
  38  3:48  Adept  
  38  3:54  Oracle  
  39  3:58  Probe x2 (Chrono Boost)  
  41  4:10  Immortal  
  41  4:12  Forge  
  41  4:15  Pylon  
  45  4:35  Gateway  
  45  4:37  Probe (Chrono Boost)  
  45  4:38  Probe (Chrono Boost), Gateway  
  47  4:40  Gateway  
  47  4:47  Probe x2 (Chrono Boost)  
  49  4:54  Immortal, Probe x2  
  55  5:02  Pylon  
  55  5:03  Pylon  
  55  5:13  Photon Cannon x2  
  55  5:15  Photon Cannon  
  55  5:20  Photon Cannon  
  55  5:24  Probe (Chrono Boost)  
  55  5:25  Probe (Chrono Boost)  
  57  5:30  Assimilator  
  57  5:34  Probe (Chrono Boost)  
  58  5:36  Stalker x3  
  58  5:38  Stalker  
  58  5:41  Immortal  
  70  5:53  Void Ray  
  72  6:06  Probe  
  71  6:19  Photon Cannon  
  71  6:22  Photon Cannon  
  71  6:24  Photon Cannon  
  71  6:41  Adept x2  
  71  6:45  Nexus  
  75  6:48  Pylon  
  75  6:53  Pylon  
  75  7:06  Adept x2, Void Ray  
  83  7:10  Protoss Ground Weapons Level 1  
  83  7:11  Immortal  
  87  7:20  Adept  
  87  7:21  Adept  
  91  7:37  Photon Cannon  
  91  7:38  Photon Cannon  
  91  7:40  Photon Cannon  
  91  7:42  Photon Cannon  
  91  7:46  Photon Cannon  
  91  7:57  Adept x4  
  99  8:01  Pylon  
  99  8:04  Pylon  
  94  8:21  Probe  
  94  8:25  Void Ray  
  89  8:28  Adept x2  
  89  8:29  Adept x2  
  89  8:30  Immortal  
  97  8:52  Nexus  
  95  8:58  Adept x3  
  95  8:59  Adept  
  97  9:13  Protoss Ground Armor Level 1  
  97  9:20  Twilight Council  
  97  9:29  Probe (Chrono Boost)  
  99  9:31  Probe (Chrono Boost)  
  99  9:35  Immortal (Chrono Boost)  
  99  9:37  Void Ray (Chrono Boost)  
  107  9:59  Adept  
  109  10:00  Adept x2  
  113  10:10  Probe x3  
  113  10:11  Probe  
  117  10:22  Probe x3  
  117  10:23  Probe  
  121  10:28  Pylon  
  121  10:30  Pylon  
  121  10:31  Adept  
  121  10:32  Adept x2, Pylon  
  121  10:34  Immortal  
  131  10:36  Pylon, Void Ray  
  135  11:00  Adept x2  
  135  11:01  Adept  
  141  11:13  Immortal  
  145  11:18  Void Ray  
  149  11:37  Adept x3  
  149  11:53  Immortal  
  133  12:01  Void Ray  
  133  12:04  Adept x3  
  142  12:12  Photon Cannon  
  142  12:13  Photon Cannon  
  142  12:14  Photon Cannon  
  142  12:16  Photon Cannon  
  142  12:17  Protoss Ground Weapons Level 2, Photon Cannon  
  142  12:19  Photon Cannon  
  142  12:24  Probe x2  
  142  12:25  Probe x2  
  146  12:30  Assimilator  
  146  12:31  Adept  
  146  12:34  Assimilator  
  146  12:36  Probe x2  
  151  12:37  Probe x2  
  152  12:46  Pylon  
  152  12:48  Probe, Pylon  
  152  12:50  Pylon  
  153  12:54  Assimilator  
  153  12:59  Assimilator  
  153  13:05  Stalker  
  153  13:07  Stalker x2  
  153  13:12  Immortal  
  139  13:35  Stalker  
  139  13:37  Stalker x2  
  139  13:39  Void Ray  
  137  14:05  Stalker  
  137  14:07  Stalker  
  141  14:28  Stalker  
  127  14:35  Stalker, Immortal  
  127  14:37  Adept, Void Ray  
  91  14:50  Stargate  
  81  14:53  Stargate  
  81  14:56  Stargate  
  81  14:58  Stalker  
Show
View Real Time Build Order
Export as new Build Order

A.I. 2 (Elite) Zerg - Winner!

Build Orders: Pool First 

Get SALT Encoding   

  12  0:07  Overlord  
  12  0:11  Drone  
  13  0:16  Drone  
  14  0:25  Drone  
  15  0:38  Spawning Pool  
  15  0:40  Drone  
  15  1:03  Hatchery  
  14  1:08  Drone  
  14  1:11  Drone  
  16  1:15  Drone  
  17  1:22  Overlord  
  17  1:26  Extractor  
  17  1:29  Drone  
  17  1:39  Queen  
  17  1:44  Zergling x2  
  20  1:50  Zergling x2  
  21  2:00  Extractor  
  20  2:01  Drone  
  21  2:12  Zergling x2  
  21  2:15  Drone  
  23  2:16  Queen  
  25  2:23  Drone  
  25  2:29  Drone  
  27  2:37  Overlord  
  27  2:51  Roach Warren  
  27  2:52  Drone  
  27  2:55  Drone  
  28  2:59  Drone  
  28  3:02  Drone  
  30  3:09  Overlord  
  30  3:12  Drone  
  31  3:15  Drone  
  32  3:31  Roach  
  32  3:32  Roach  
  32  3:33  Roach x2  
  40  3:38  Roach  
  42  3:46  Lair  
  42  3:51  Overlord  
  42  3:54  Zergling x2  
  43  3:57  Zergling x2  
  43  4:00  Zergling x2  
  45  4:05  Metabolic Boost  
  45  4:10  Roach  
  45  4:15  Roach  
  49  4:19  Roach  
  51  4:24  Overlord  
  51  4:26  Drone  
  51  4:31  Drone  
  53  4:33  Drone  
  53  4:36  Drone  
  55  4:38  Drone  
  56  4:48  Drone, Hydralisk Den  
  56  4:53  Overlord  
  56  4:58  Overlord  
  56  5:03  Overlord  
  56  5:05  Drone  
  57  5:08  Drone  
  57  5:11  Roach  
  60  5:15  Roach  
  60  5:18  Roach  
  66  5:21  Roach  
  66  5:25  Hydralisk  
  68  5:29  Hydralisk  
  68  5:34  Hydralisk  
  72  5:38  Hydralisk  
  72  5:42  Hydralisk  
  74  5:46  Hydralisk  
  78  5:50  Hydralisk  
  78  5:53  Zergling x2  
  78  5:55  Zergling x2  
  78  5:57  Zergling x2  
  78  5:59  Zergling x2  
  78  6:01  Zergling x2  
  78  6:03  Zergling x2  
  74  6:06  Roach  
  74  6:10  Roach  
  70  6:12  Roach  
  70  6:16  Roach  
  74  6:18  Roach  
  74  6:22  Roach  
  74  6:25  Roach  
  78  6:28  Roach  
  78  6:31  Hydralisk  
  82  6:35  Hydralisk  
  84  6:40  Hydralisk  
  84  6:44  Overlord  
  86  6:48  Overlord  
  86  6:52  Overlord  
  86  6:55  Roach  
  86  6:59  Roach  
  90  7:02  Roach  
  90  7:05  Roach  
  94  7:09  Overlord  
  94  7:12  Hydralisk  
  96  7:16  Hydralisk  
  96  7:19  Drone  
  96  7:21  Drone  
  101  7:22  Drone  
  101  7:25  Drone  
  101  7:27  Drone  
  101  7:29  Drone  
  104  7:31  Drone  
  104  7:33  Drone  
  104  7:35  Drone  
  107  7:37  Drone  
  107  7:39  Drone  
  107  7:41  Drone  
  110  7:44  Overlord  
  110  7:47  Drone  
  110  7:49  Drone  
  112  7:53  Overseer  
  112  8:01  Evolution Chamber  
  111  8:07  Roach x2  
  111  8:08  Roach, Extractor  
  111  8:09  Drone  
  111  8:11  Hatchery  
  90  8:20  Zergling x2  
  90  8:21  Zergling x2  
  90  8:23  Zergling x2  
  90  8:24  Zergling x2  
  72  8:27  Hydralisk  
  72  8:29  Zerg Melee Weapons Level 1  
  72  8:30  Hydralisk  
  72  8:33  Roach  
  64  8:36  Hydralisk  
  66  8:42  Hydralisk  
  66  8:46  Roach  
  70  8:49  Roach  
  70  8:52  Roach  
  70  8:53  Extractor  
  70  8:55  Roach  
  75  9:00  Hydralisk  
  77  9:07  Hydralisk  
  79  9:10  Roach  
  79  9:13  Roach  
  79  9:15  Drone x2  
  87  9:17  Roach  
  87  9:20  Roach  
  87  9:22  Roach  
  87  9:23  Drone  
  92  9:24  Drone x2, Roach  
  92  9:25  Drone x2  
  92  9:27  Drone, Roach  
  92  9:28  Drone  
  102  9:31  Drone  
  102  9:33  Drone  
  102  9:35  Extractor  
  102  9:36  Drone  
  102  9:37  Drone  
  105  9:39  Drone  
  105  9:41  Drone  
  105  9:42  Drone  
  105  9:44  Drone  
  110  9:45  Drone  
  110  9:47  Drone  
  110  9:49  Drone  
  110  9:50  Drone  
  110  9:51  Drone  
  114  9:53  Drone  
  114  9:58  Drone x2  
  114  9:59  Drone  
  118  10:06  Overlord, Roach x3  
  124  10:11  Infestation Pit  
  124  10:14  Drone  
  124  10:23  Hatchery  
  124  10:24  Zerg Missile Weapons Level 1  
  124  10:27  Spire  
  122  10:46  Evolution Chamber  
  121  10:51  Hive, Drone, Extractor  
  121  11:00  Spine Crawler  
  121  11:01  Drone  
  121  11:02  Spine Crawler  
  120  11:04  Drone  
  120  11:06  Overlord, Queen  
  120  11:09  Glial Reconstitution  
  120  11:10  Zergling x2  
  123  11:12  Zerg Ground Armor Level 1, Zergling x2  
  123  11:13  Drone, Zergling x4  
  123  11:14  Drone x2, Zergling x4  
  123  11:16  Zergling x2  
  123  11:17  Zergling x2  
  130  11:19  Hydralisk  
  130  11:21  Hydralisk  
  134  11:26  Evolution Chamber, Overlord  
  133  11:35  Drone  
  133  11:36  Drone x2  
  133  11:37  Drone x2  
  133  11:38  Drone x2, Mutalisk  
  133  11:39  Drone  
  143  11:41  Corruptor, Zergling x2  
  143  11:43  Hydralisk  
  143  11:45  Hydralisk  
  150  11:48  Overlord  
  150  11:51  Mutalisk, Zerg Melee Weapons Level 2  
  150  11:52  Mutalisk  
  154  11:55  Mutalisk  
  154  11:57  Mutalisk  
  158  12:03  Greater Spire  
  158  12:04  Mutalisk  
  158  12:07  Overlord  
  160  12:10  Mutalisk  
  160  12:15  Extractor  
  160  12:16  Drone  
  160  12:17  Extractor  
  160  12:18  Drone  
  160  12:19  Overseer  
  161  12:23  Pneumatized Carapace, Overseer  
  161  12:26  Overlord  
  161  12:35  Ventral Sacs  
  161  12:39  Spore Crawler  
  161  12:40  Drone  
  161  12:41  Spore Crawler, Mutalisk  
  161  12:42  Drone  
  161  12:43  Zergling x4  
  165  12:44  Spine Crawler, Hydralisk  
  165  12:45  Overlord, Drone  
  165  12:46  Hydralisk  
  165  12:48  Hydralisk  
  171  12:51  Hydralisk  
  171  12:53  Hydralisk  
  175  12:58  Mutalisk  
  175  13:03  Mutalisk, Zergling x4  
  175  13:04  Mutalisk, Zergling x2  
  175  13:05  Roach  
  172  13:06  Drone, Spine Crawler, Roach  
  172  13:07  Roach x3  
  172  13:08  Roach  
  172  13:09  Roach  
  172  13:11  Roach, Zergling x2  
  172  13:12  Roach  
  149  13:13  Roach, Zergling x6  
  149  13:14  Zergling x2  
  149  13:16  Roach  
  149  13:17  Roach  
  149  13:19  Hydralisk  
  139  13:21  Roach  
  139  13:22  Roach  
  139  13:24  Roach  
  139  13:26  Roach  
  143  13:27  Roach  
  143  13:32  Drone x3  
  143  13:33  Drone  
  138  13:35  Drone  
  138  13:36  Drone  
  138  13:37  Drone  
  138  13:39  Drone  
  138  13:41  Drone  
  126  13:45  Hydralisk  
  126  13:46  Hydralisk  
  109  13:56  Drone  
  109  13:57  Zergling x2  
  109  13:59  Zergling x2  
  109  14:01  Zergling x2  
  114  14:02  Zergling x2  
  114  14:04  Zergling x4  
  114  14:05  Roach, Zergling x2  
  118  14:11  Drone  
  118  14:13  Zergling x2  
  118  14:16  Roach  
  122  14:18  Roach  
  122  14:20  Roach  
  122  14:23  Hydralisk  
  128  14:26  Roach  
  128  14:29  Corruptor  
  132  14:34  Corruptor  
  132  14:35  Hatchery  
  133  14:42  Roach  
  133  14:44  Roach  
  137  14:46  Roach  
  137  14:48  Roach  
  137  14:51  Roach  
  143  14:53  Roach  
  143  14:58  Corruptor  
Show
View Real Time Build Order
Export as new Build Order

A.I. 3 (Elite) Zerg - Winner!

Build Orders: Pool First 

Get SALT Encoding   

  12  0:07  Overlord  
  12  0:12  Drone  
  13  0:30  Spawning Pool  
  13  0:33  Drone  
  13  0:38  Drone  
  14  0:43  Drone  
  14  0:45  Extractor  
  14  0:49  Drone  
  15  0:57  Overlord  
  15  1:17  Zergling x2  
  16  1:18  Zergling x2  
  16  1:19  Queen  
  19  1:33  Roach Warren  
  19  1:37  Drone  
  19  1:42  Zergling x2  
  20  1:48  Zergling x2  
  21  1:59  Overlord  
  21  2:14  Roach  
  23  2:21  Roach  
  25  2:27  Roach x2  
  29  2:32  Roach  
  31  2:39  Roach  
  33  2:48  Overlord  
  33  2:53  Zergling x2  
  33  2:58  Zergling x2  
  35  3:03  Zergling x2  
  36  3:10  Roach  
  38  3:17  Roach  
  40  3:21  Drone  
  40  3:26  Drone  
  42  3:31  Drone  
  43  3:35  Drone  
  43  3:40  Drone  
  45  3:44  Extractor  
  45  3:46  Drone  
  44  4:11  Hatchery  
  44  4:12  Drone  
  44  4:21  Overlord  
  44  4:28  Roach  
  46  4:40  Drone, Roach  
  46  4:45  Overlord  
  49  4:58  Lair  
  49  5:16  Drone  
  49  5:19  Drone  
  51  5:22  Drone  
  51  5:27  Drone  
  53  5:34  Drone  
  54  5:37  Drone  
  54  5:41  Drone  
  56  5:43  Drone  
  56  5:47  Drone  
  56  5:48  Drone  
  59  5:54  Overlord  
  57  5:57  Drone  
  57  5:59  Drone  
  57  6:01  Hydralisk Den  
  57  6:02  Zergling x2  
  55  6:04  Zergling x2  
  55  6:07  Drone  
  55  6:09  Drone  
  50  6:11  Drone  
  50  6:13  Drone  
  50  6:15  Drone  
  53  6:18  Drone  
  53  6:20  Drone  
  53  6:23  Drone  
  53  6:25  Drone  
  57  6:30  Drone  
  58  6:34  Drone  
  58  6:39  Hydralisk x2  
  59  6:40  Drone, Roach  
  59  6:42  Hydralisk  
  59  6:45  Overlord  
  68  6:52  Hydralisk  
  70  6:56  Drone  
  71  7:04  Drone  
  71  7:06  Drone  
  73  7:09  Overseer  
  73  7:11  Hydralisk x2  
  73  7:12  Overlord, Drone  
  78  7:16  Roach  
  78  7:18  Roach  
  82  7:25  Evolution Chamber  
  82  7:26  Drone  
  82  7:29  Hatchery, Drone  
  82  7:36  Overlord  
  82  7:39  Roach  
  86  7:44  Roach x2  
  86  7:47  Evolution Chamber, Hydralisk  
  86  7:50  Hydralisk  
  91  7:52  Zerg Missile Weapons Level 1  
  91  7:57  Infestation Pit  
  90  7:59  Overlord  
  90  8:01  Roach  
  90  8:03  Roach  
  94  8:07  Roach  
  94  8:10  Zergling x2  
  97  8:13  Zerg Ground Armor Level 1  
  97  8:17  Overlord, Zergling x4  
  97  8:18  Roach x2  
  103  8:22  Roach  
  105  8:33  Extractor  
  104  8:34  Infestor  
  104  8:35  Roach x2, Extractor  
  104  8:36  Hive  
  104  8:40  Overlord  
  109  8:43  Drone  
  110  8:49  Drone  
  110  8:54  Drone  
  98  8:56  Drone  
  98  8:59  Extractor  
  76  9:07  Drone, Spire  
  76  9:08  Extractor  
  76  9:09  Drone  
  72  9:11  Drone  
  72  9:13  Drone  
  72  9:14  Drone  
  72  9:16  Drone  
  76  9:18  Drone  
  76  9:19  Drone  
  76  9:21  Drone  
  76  9:23  Drone  
  80  9:26  Drone  
  80  9:28  Drone  
  80  9:29  Drone  
  80  9:31  Drone  
  84  9:33  Drone  
  84  9:35  Drone  
  84  9:36  Drone  
  87  9:40  Drone  
  87  9:43  Drone  
  87  9:44  Hydralisk  
  91  9:48  Lair  
  91  9:51  Drone x2  
  91  9:52  Drone, Hydralisk  
  94  9:55  Hydralisk  
  94  9:56  Drone  
  94  9:58  Drone  
  94  9:59  Overseer  
  100  10:01  Hydralisk  
  100  10:05  Hydralisk  
  104  10:09  Roach  
  104  10:12  Overlord  
  106  10:17  Roach x2  
  106  10:21  Mutalisk, Greater Spire  
  110  10:22  Roach x2  
  110  10:23  Roach  
  110  10:24  Roach  
  110  10:25  Hatchery  
  110  10:28  Drone  
  120  10:30  Roach  
  120  10:33  Overlord  
  122  10:38  Roach  
  122  10:39  Roach  
  126  10:44  Mutalisk  
  128  10:51  Mutalisk  
  128  10:52  Overlord  
  128  10:54  Mutalisk, Corruptor  
  134  11:06  Zerg Missile Weapons Level 2  
  134  11:09  Hydralisk  
  134  11:10  Overlord, Infestor, Hydralisk  
  140  11:13  Zergling x2  
  140  11:14  Zergling x2  
  142  11:27  Mutalisk  
  142  11:28  Overlord, Mutalisk x2  
  148  11:33  Brood Lord  
  148  11:34  Mutalisk  
  148  11:37  Spine Crawler  
  148  11:39  Drone x3, Spine Crawler, Zergling x2  
  152  11:40  Drone x3  
  152  11:43  Drone  
  152  11:46  Drone, Extractor  
  144  11:48  Zergling x2  
  144  11:50  Drone  
  144  11:51  Extractor  
  144  11:53  Drone  
  119  11:55  Spire  
  119  11:58  Drone, Zergling x4  
  119  11:59  Corruptor, Zergling x2  
  110  12:03  Zergling x2  
  110  12:04  Roach  
  113  12:09  Roach x2  
  113  12:12  Roach  
  113  12:14  Hydralisk  
  121  12:19  Hydralisk  
  121  12:20  Zergling x2  
  121  12:22  Zergling x2  
  125  12:23  Overseer  
  125  12:25  Corruptor  
  125  12:28  Hydralisk  
  125  12:29  Roach  
  133  12:30  Roach x2  
  133  12:31  Roach  
  133  12:32  Roach  
  133  12:33  Overlord  
  133  12:35  Brood Lord  
  133  12:36  Corruptor  
  143  12:41  Roach  
  143  12:42  Roach  
  149  12:44  Roach  
  149  12:46  Hydralisk  
  151  12:52  Overlord, Hydralisk  
  151  12:54  Hydralisk  
  151  12:57  Hydralisk  
  157  13:01  Mutalisk, Hydralisk  
  157  13:02  Hydralisk x2  
  157  13:03  Overseer  
  157  13:05  Overseer  
  165  13:09  Pneumatized Carapace  
  165  13:12  Overlord  
  165  13:19  Ventral Sacs  
  165  13:20  Hydralisk  
  165  13:25  Mutalisk  
  169  13:30  Mutalisk  
  169  13:31  Evolution Chamber, Overlord  
  169  13:32  Drone  
  171  13:49  Overlord  
  171  13:57  Metabolic Boost  
  171  14:02  Hatchery, Spine Crawler  
  169  14:03  Drone x2  
  169  14:08  Hydralisk x2  
  175  14:11  Spore Crawler  
  175  14:12  Drone  
  175  14:14  Corruptor  
  177  14:19  Corruptor  
  177  14:21  Spore Crawler  
  177  14:23  Drone, Zergling x2  
  177  14:24  Spore Crawler  
  178  14:25  Drone, Hydralisk  
  178  14:26  Spine Crawler  
  178  14:27  Hydralisk  
  178  14:28  Drone, Hydralisk  
  178  14:29  Zergling x2  
  178  14:30  Zergling x2  
  174  14:32  Roach x2  
  174  14:34  Roach  
  174  14:36  Zergling x2  
  174  14:38  Roach  
  165  14:40  Roach x2  
  165  14:41  Roach  
  165  14:44  Roach  
  163  14:50  Spine Crawler, Roach x3  
  168  14:58  Brood Lord  
  168  14:59  Spine Crawler  
  169  15:02  Drone x2, Spine Crawler  
  170  15:11  Spine Crawler  
  173  15:15  Spine Crawler  
  173  15:16  Drone  
  173  15:17  Drone  
  173  15:18  Drone  
Tags
 
Add a new tag
Caveats
  • Supply blocks, unpowered buildings, or Contaminate may cause inaccurate times.
  • Supply counts are checked every 10 seconds.